AoeStats
← Jazzmushroom

Oasis

508573214Analyzed
4v4 RM · 9d ago on Sep 23, 2026· 30m 24s· 8 players
Game mode
Random Map
Map size
Large (8 player)
Population
200
Speed
Normal
Resources
Standard
Victory
Conquest
Starting age
Dark Age
Ending age
Imperial Age
RankedLock teamsTeams togetherTeam positionsShared explorationLock speedFull tech treeHidden civsTurbo modeCheats
Victory
Defeat
🇧🇷 Franks · Brazil
1393
+13
🇧🇷 Ethiopians · Brazil
1366
+14
🇧🇷 Saracens · Brazil
1319
+15
1294
+16
🇺🇸 Mongols · United States
1329
-15
🇨🇴 Danes · Colombia
1327
-15
🇺🇸 Hindustanis · United States
1305
-14
🇺🇸 Varangians · United States
1302
-14
Jazzmushroom
5:34 Loom
11:01 Feudal Age
15:18 Castle Age
13:25 Horse Collar
14:09 Double-Bit Axe
17:22 Squires
19:34 Fletching
23:05 Scale Mail Armor
28:22 Forging
28:29 Chain Mail Armor
28:17 Town Watch
29:07 Gambesons
30:17 Iron Casting
ForseenCow
7:05 Loom
9:35 Feudal Age
10:26 Double-Bit Axe
10:25 Horse Collar
APPM
9:10 Feudal Age
10:23 Double-Bit Axe
10:20 Horse Collar
12:51 Loom
16:41 Castle Age
15:42 Fletching
17:38 Bodkin Arrow
20:33 Husbandry
21:23 Wheelbarrow
21:43 Padded Archer Armor
23:56 Hand Cart
25:32 Town Watch
26:17 Leather Archer Armor
27:07 Bloodlines
27:55 Thumb Ring
29:56 Ballistics
30:30 Bow Saw
Manueska
8:40 Loom
11:15 Feudal Age
11:52 Double-Bit Axe
17:33 Fletching
23:01 Padded Archer Armor
23:49 Wheelbarrow
30:01 Castle Age
30:14 Forging
[RZ] Citrato de Sildenafila 50mg
6:44 Loom
9:09 Feudal Age
10:25 Double-Bit Axe
15:13 Horse Collar
16:13 Bloodlines
16:50 Scale Barding Armor
18:04 Forging
22:46 Castle Age
22:37 Wheelbarrow
22:01 Gold Mining
22:48 Light Cavalry
23:28 Husbandry
23:55 Chain Barding Armor
24:54 Iron Casting
24:53 Bow Saw
[Rz] TK_puxa
7:04 Loom
9:42 Feudal Age
11:30 Double-Bit Axe
15:05 Fletching
17:41 Padded Archer Armor
25:05 Castle Age
23:24 Gold Mining
25:10 Horse Collar
26:21 Gold Shaft Mining
25:09 Crossbowman
26:18 Thumb Ring
26:33 Bodkin Arrow
28:14 Leather Archer Armor
[RZ] James Rocha
8:11 Loom
10:24 Feudal Age
11:45 Double-Bit Axe
13:13 Double-Bit Axe
16:58 Fletching
24:11 Castle Age
22:10 Gold Mining
22:07 Horse Collar
22:34 Padded Archer Armor
24:22 Crossbowman
25:08 Thumb Ring
25:00 Bodkin Arrow
27:54 Leather Archer Armor
29:48 Gold Shaft Mining
[RZ] Icaro
5:55 Loom
9:33 Feudal Age
10:07 Double-Bit Axe
15:29 Forging
17:40 Scale Barding Armor
21:52 Gold Mining
24:40 Castle Age
26:14 Iron Casting
25:59 Chain Barding Armor
25:41 Husbandry
26:55 Gold Shaft Mining
27:58 Wheelbarrow
30:00 Bow Saw
Connection lost

Rejoining the realm…

Still unreachable

The connection could not be restored.

Session expired

The server has moved on; the page needs a fresh start.